 Dungeon Crawl Stone Soup version 0.24-a0-254-gf493760 (webtiles) character file.

Game seed: 11816252000505037066

372 robertstho the Chopper (level 6, 0/47 HPs)
             Began as a Mummy Fighter on Apr 19, 2019.
             Slain by a gnoll
             ... wielding a +0 spear
              (1 damage)
             ... on level 3 of the Dungeon.
             The game lasted 00:04:59 (1932 turns).

robertstho the Chopper (Mummy Fighter)              Turns: 1932, Time: 00:05:00

Health: 0/47       AC:  7    Str: 22    XL:     6   Next: 43%
Magic:  6/6        EV:  7    Int:  7    God:
Gold:   198        SH:  9    Dex: 11    Spells: 5/5 levels left

rFire    x x .     SeeInvis .   a - +0 war axe
rCold    + + .     Gourm    .   c - +0 shield
rNeg     + + +     Faith    .   b - +0 scale mail
rPois    ∞         Spirit   .   (no helmet)
rElec    .         Reflect  .   n - +0 cloak
rCorr    .         Harm     .   (no gloves)
MR       .....                  (no boots)
Stlth    ..........             (no amulet)
HPRegen  0.15/turn              d - +3 ring of slaying
MPRegen  0.10/turn              i - ring of ice

@: slowed, very slow
A: no food or potions, fire vulnerability, cold resistance 1, negative energy
resistance 3, torment resistance, unbreathing
a: no special abilities


You were on level 3 of the Dungeon.
You were not hungry.

You visited 1 branch of the dungeon, and saw 3 of its levels.

You collected 198 gold pieces.

Inventory:

Hand Weapons
 a - a +0 war axe (weapon)
Armour
 b - a +0 scale mail (worn)
 c - a +0 shield (worn)
 n - a +0 cloak (worn)
Jewellery
 d - a +3 ring of slaying (left hand)
 i - a ring of ice (right hand)
 k - an uncursed ring of magical power {unknown}
Scrolls
 g - a scroll of fear {unknown}
 h - a scroll of remove curse {unknown}
 j - 3 scrolls of blinking {unknown}
 l - a scroll of noise {unknown}
 m - a scroll of enchant armour {unknown}


   Skills:
 + Level 3.6 Fighting
 * Level 4.6 Axes
 + Level 3.0 Armour
 + Level 0.4 Dodging
 + Level 3.1 Shields


You had 5 spell levels left.
You didn't know any spells.
Your spell library was empty.

Dungeon Overview and Level Annotations

Branches:
Dungeon (3/15)

Altars:

Annotations:
D:3 Natasha


Innate Abilities, Weirdness & Mutations

You do not eat or drink.
Your flesh is vulnerable to fire.
You are immune to poison.
Your flesh is cold resistant. (rC+)
You are immune to negative energy. (rN+++)
You are immune to unholy pain and torment.
You can survive without breathing.


Message History

Natasha casts a spell.
Natasha mumbles some strange words.
There is an open door here.
Natasha wildly gestures.
You feel troubled. Natasha casts a spell at you.
You feel yourself slow down. You block the gnoll's attack.
Natasha casts a spell.
You open the door. You block the gnoll's attack. The gnoll closely misses you.
Natasha zaps a wand.
You block the puff of flame.
The crimson imp laughs crazily.
There is an open door here.
Natasha stares at you and mumbles some strange words.
The magic dart hits you!
* * * LOW HITPOINT WARNING * * *
Natasha mumbles some strange words.
Natasha glows brightly for a moment.
The gnoll hits you from afar with a +0 spear.
You die...

.....#.###.# #..........#.##.
.###.#...#.# #.#.!..#####....
...........# #.####'## ###g.
.###.###.### ####.###...######..
## #.# #.# #....##.....##...h. #
#.# #.# #.####.8...8.####.# #.#
#.# #.###.#.....#.##... # #.# #.#
#.##5..8...8...##.. ####.###.#
#.@'gg.........'... .##...##.##
#..#h..8...8...#... ....#>....#
#######(#.....#.###..
.##...#...###..!..##.8...8.## #..
####..........#######.....#####..
.....)......### #.##.).##......
#####.......#######..##'########.
###.............)...# #.
#...##########.#### #.


You could see Natasha, 2 gnolls and a crimson imp.

Vanquished Creatures
  Sigmund (D:3)
  2 orc wizards (D:3)
  Natasha (twice) (D:3)
  2 gnolls (D:3)
  2 adders
  An adder zombie (D:3)
  A dart slug (D:1)
  A leopard gecko (D:2)
  2 orcs (D:3)
  9 bats
  A giant cockroach (D:1)
  13 goblins
  11 hobgoblins
  5 jackals
  3 frilled lizards
  5 kobolds
  5 rats
66 creatures vanquished.

Notes
Turn   | Place    | Note
-------+----------+-------------------------------------------
     0 | D:1      | robertstho the Mummy Fighter began the quest for the Orb.
     0 | D:1      | Reached XP level 1. HP: 18/18 MP: 1/1
   319 | D:1      | Reached XP level 2. HP: 24/24 MP: 2/2
   566 | D:2      | Reached skill level 2 in Axes
   692 | D:2      | Reached XP level 3. HP: 28/29 MP: 3/3
  1176 | D:3      | Noticed Sigmund
  1181 | D:3      | Killed Sigmund
  1181 | D:3      | Reached skill level 3 in Axes
  1181 | D:3      | Reached XP level 4. HP: 25/35 MP: 4/4
  1181 | D:3      | Reached XP level 5. HP: 29/41 MP: 5/5
  1233 | D:3      | Reached skill level 4 in Axes
  1247 | D:3      | Reached XP level 6. HP: 25/47 MP: 6/6
  1546 | D:3      | Noticed Natasha
  1604 | D:3      | Killed Natasha
  1692 | D:3      | Noticed Natasha
  1753 | D:3      | Killed Natasha
  1833 | D:3      | Noticed Natasha
  1932 | D:3      | HP: 1/47 [Natasha/magic dart (9)]
  1932 | D:3      | Slain by a gnoll

Levels and vault maps discovered:
D:1:      onia_arrival_pyramid, layout_loops_ring
D:2:      layout_loops_ring
D:3:      layout_loops_ring, nicolae_overflow_hidden_temple, dk_noncrumbling_3,
          uniq_natasha, uniq_robin, uniq_sigmund

Skill      XL: |  1  2  3  4  5  6 |
---------------+-------------------+-----
Axes           | 2 3 4 |  4.6
Shields        | 3 |  3.1
Armour         | 3 |  3.0
Fighting       | |  3.6
Dodging        | |  0.4

Action                   |  1- 3 |  4- 6 || total
-------------------------+-------+-------++-------
Melee: War axe           |   101 |    70 ||   171
  Use: Scroll            |       |     3 ||     3
Armor: Scale mail        |    33 |    45 ||    78
Dodge: Dodged            |    34 |    27 ||    61
Block: Shield            |    46 |    55 ||   101

Table legend:
 A = Non-vault XP
 B = Vault XP
 C = Vault XP percentage of total XP
 D = Non-vault monster count
 E = Vault monster count
 F = Vault count percentage of total count
                 A         B        C        D         E       F
            +---------+---------+-------+---------+---------+-------
      Total |     265 |     267 |  50.2 |      59 |       7 |  10.6
            +---------+---------+-------+---------+---------+-------
        D:1 |      20 |       0 |   0.0 |      13 |       0 |   0.0
        D:2 |      54 |       0 |   0.0 |      22 |       0 |   0.0
        D:3 |     191 |     267 |  58.3 |      24 |       7 |  22.6
            +---------+---------+-------+---------+---------+-------
